 Dungeon Crawl Stone Soup version 0.21-a0-47-g7c8f537 (webtiles) character file.

138624 Tinos the Unseen (level 16, 0/102 HPs)
             Began as a Spriggan Enchanter on June 8, 2017.
             Was the Champion of Dithmenos.
             Slain by a wolf spider (2 damage)
             ... on level 2 of the Spider Nest.
             The game lasted 01:39:10 (36802 turns).

Tinos the Unseen (Spriggan Enchanter)              Turns: 36802, Time: 01:39:11

Health: 0/102      AC:  9    Str:  6    XL:     16   Next: 71%
Magic:  36/36      EV: 34    Int: 19    God:    Dithmenos [******]
Gold:   2057       SH:  0    Dex: 21    Spells: 28/45 levels left

rFire    . . .     SeeInvis +   a - +7 dagger (elec)
rCold    + + .     Gourm    .   (shield restricted)
rNeg     . . .     Faith    .   I - +2 robe {rC+}
rPois    .         Spirit   .   T - +2 hat {MR+}
rElec    .         Reflect  .   A - +0 cloak
rCorr    .         Harm     .   (gloves unavailable)
MR       +++..                  (boots unavailable)
Stlth    ++++++++++             P - amulet of Vitality {Regen+ HP+15}
Regen    0.7/turn               N - ring of protection from cold
MPRegen  0.3/turn               O - +3 ring of slaying

@: very slightly contaminated, wreathed by umbra, invisible, very quick
A: unfitting armour, iridescent scales 1, see invisible, clever 1, herbivore 3,
speed 3, slow metabolism 2
a: Shadow Step, Shadow Form, Renounce Religion


You were on level 2 of the Spider Nest.
You worshipped Dithmenos.
Dithmenos was exalted by your worship.
You were not hungry.

You visited 7 branches of the dungeon, and saw 28 of its levels.
You also visited: Sewer.

You collected 2522 gold pieces.
You spent 465 gold pieces at shops.

Inventory:

Hand Weapons
 a - a +7 dagger of electrocution (weapon)
 G - a +3 rapier of venom
 X - a +6 quick blade
Missiles
 j - 4 throwing nets (quivered)
Armour
 A - a +0 cloak (worn)
 I - a +2 robe of cold resistance (worn)
 T - a +2 hat of magic resistance (worn)
Jewellery
 e - a +4 amulet of reflection
 o - a +3 ring of evasion
 N - a ring of protection from cold (left hand)
 O - a +3 ring of slaying (right hand)
 P - the amulet of Vitality (around neck) {Regen+ HP+15}
   (You found it on level 3 of the Lair of Beasts)

   [amulet of regeneration]

   It affects your health (+15).
   It increases your rate of regeneration.
Wands
 c - a wand of iceblast (7/15)
 k - a wand of iceblast (14/15)
 m - a wand of acid (9/15)
 u - a wand of digging (8/24)
 v - a wand of iceblast (5/15)
 B - a wand of paralysis (16/24)
 S - a wand of polymorph (13/24)
 Z - a wand of confusion (38/48)
Scrolls
 g - 6 scrolls of teleportation
 h - 2 scrolls of magic mapping
 p - a scroll of identify
 r - 8 scrolls of recharging
 y - 5 scrolls of blinking
 F - 8 scrolls of remove curse
 K - a scroll of fear
 V - 2 scrolls of fog
Potions
 b - 4 potions of might
 f - a potion of agility
 i - 3 potions of flight
 l - a potion of invisibility
 n - 3 potions of lignification
 s - 4 potions of berserk rage
 x - 4 potions of cancellation
 C - a potion of brilliance
 D - 4 potions of curing
 R - a potion of resistance
Comestibles
 d - 12 bread rations
 q - 33 fruits
 E - 4 royal jellies


   Skills:
 + Level 11.0 Fighting
 - Level 9.0 Short Blades
 + Level 17.1 Dodging
 + Level 20.9 Stealth
 + Level 15.3 Spellcasting
 + Level 15.7 Hexes


You had 28 spell levels left.
You knew the following spells:

 Your Spells              Type           Power        Failure   Level  Hunger
a - Ensorcelled Hibernat  Hex/Ice        #####.       1%          2    None
b - Corona                Hex            ######.      0%          1    None
c - Confuse               Hex            ######..     1%          3    None
d - Tukima's Dance        Hex            ######..     1%          3    None
e - Dazzling Spray        Conj/Hex       #####.       1%          3    None
f - Silence               Hex/Air        #####.....   4%          5    ###....


Dungeon Overview and Level Annotations

Branches:
Dungeon (15/15)            Temple (1/1) D:7            Lair (6/6) D:10
 Shoals (0/4) Lair:2       Spider (2/4) Lair:3        Slime (0/5) Lair:5
    Orc (2/2) D:10            Elf (1/3) Orc:2        Vaults (0/5) D:13
 Depths (1/5) D:15

Altars:
Ashenzari
Cheibriados
Dithmenos
Elyvilon
Fedhas
Gozag
Hepliaklqana
Kikubaaqudgha
Makhleb
Nemelex Xobeh
Okawaru
Qazlal
Ru
Sif Muna
Trog
Uskayaw
Vehumet
Wu Jian
Xom
Yredelemnul
Zin
The Shining One
Beogh
Jiyva

Shops:
D:10 (   D:15 *   Orc:2 *[:(   Depths:1 ((

Portals:
Ice
Cave: Spider:2

Annotations:
D:5 exclusion: statue
Depths:1 Tinos's ghost, adept SpEn


Innate Abilities, Weirdness & Mutations

You are very small and have problems with some larger weapons.
You are too small for most types of armour.
You have supernaturally acute eyesight. (SInv)
You are a herbivore.
You cover ground extremely quickly.
You need consume almost no food.
You are partially covered in iridescent scales. (AC +2)
Your mind is acute. (Int +2)


Message History

The wolf spider misses you. The wolf spider completely misses you.
You puncture the redback!
The redback is almost dead.
You hear an angry hiss.
The redback barely misses you. The wolf spider misses you.
The wolf spider completely misses you.
You hit the redback. Lightning courses through the redback!
You kill the redback!
Dithmenos accepts your kill.
You strike the helpless jumping spider from behind!
You stick the jumping spider like a pincushion!!!
Lightning courses through the jumping spider!
You kill the jumping spider!
Dithmenos accepts your kill. The tarantella completely misses you.
You hit the tarantella but do no damage.
The wolf spider hits you!!
* * * LOW HITPOINT WARNING * * *
The wolf spider bites you.
You die...

.ss.......#*
s........## #.........#
.....#..#s#*
.s#......#.#
#..#.#.....# ######
......^##..###.§§§##
#......##.^##...§s§###
#####.##...##^∩.@§.§§#
##.......###...†s§#§#
#.........###...§##§#
##....^.#.#########.#
**####......########s#
≈* **##.......s.ss..s#
***#..........#s.##s##
* #......#...##.....#**
*#.........##s.......**


You could see a wolf spider and a tarantella (wandering).

Vanquished Creatures
  Kirke (Spider:1)
  An orc warlord (Orc:2)
  2 frost giants (Depths:1)
  An emperor scorpion (Spider:1)
  Nessos (D:15)
  A spark wasp (Spider:2)
  Snorg (Lair:3)
  A deep elf annihilator (Elf:1)
  The ghost of casual the Martial Artist, a journeyman DsMo of Hepliaklqana (D:13)
  Josephine (D:13)
  An ogre mage (D:15)
  2 great orbs of eyes (Depths:1)
  A vault guard (D:13)
  Erolcha (Orc:2)
  7 hydras
  2 ice dragons (Depths:1)
  Fannar (D:11)
  3 centaur warriors
  A catoblepas (Lair:6)
  14 two-headed ogres
  2 death knights
  A dancing weapon (Elf:1)
  3 death yaks (Lair:6)
  Urug (Orc:2)
  An orc high priest (Orc:2)
  Sonja (D:15)
  A tengu warrior (D:15)
  The ghost of casual the Nimble, a novice DsTm of Hepliaklqana (D:8)
  3 deep elf knights (Elf:1)
  Nergalle (Orc:2)
  A fire crab (Lair:6)
  5 skeletal warriors
  3 unseen horrors
  3 orc knights
  5 wizards
  An obsidian statue (D:15)
  A phantasmal warrior (D:15)
  6 deep elf magi (Elf:1)
  An oklob plant (Lair:4)
  6 cyclopes
  4 orc sorcerers
  An ugly thing (D:12)
  14 wolf spiders
  9 orb spiders
  A manticore (D:14)
  Maurice (D:8)
  4 black mambas
  10 elephants
  An ice statue (Spider:2)
  A smoke demon (D:15)
  2 orange demons (D:15)
  A naga mage (D:15)
  33 spiny frogs
  The ghost of xash the Shield-Bearer, a novice FoFi (D:4)
  A gargoyle (D:14)
  3 rime drakes
  7 komodo dragons
  4 freezing wraiths
  A tengu conjurer (D:14)
  A demonic crawler (Spider:1)
  8 trolls
  A queen bee (D:11)
  A polar bear (Lair:3)
  4 tyrant leeches
  A meliai (D:14)
  12 jumping spiders
  A snapping turtle (Lair:2)
  7 dream sheep (Lair:6)
  A meliai zombie (D:15)
  4 hippogriffs
  30 blink frogs
  2 large abominations (D:15)
  An air elemental (Elf:1)
  14 redbacks
  5 wraiths
  A shadow (D:15)
  2 wyverns
  A spriggan (shapeshifter) (D:13)
  3 water elementals (D:14)
  18 tarantellas
  22 humans (D:13)
  6 basilisks
  38 yaks
  5 hogs (Spider:1)
  A hungry ghost (D:9)
  9 vampire mosquitoes
  3 fire bats (Lair:5)
  A chaos spawn (D:15)
  Menkaure (D:7)
  Edmund (D:5)
  2 wargs (Orc:2)
  A harpy simulacrum (D:14)
  2 acid dragons (D:15)
  9 water moccasins
  7 porcupines
  25 orc warriors
  Duvessa (D:5)
  2 ice beasts
  A hornet zombie (D:14)
  5 sky beasts
  2 necrophages
  16 ogres
  3 black bears
  3 eyes of draining
  3 wolves (Lair:3)
  9 boggarts
  15 centaurs
  12 crocodiles
  2 big kobolds
  Blork the orc (Orc:2)
  27 bullfrogs
  Dowan (D:5)
  A hornet simulacrum (D:14)
  5 scorpions
  2 wyvern skeletons
  39 killer bees
  5 electric eels
  11 wights
  5 howler monkeys
  9 crimson imps
  A centaur zombie (D:9)
  2 quasits (D:15)
  3 bullfrog zombies
  2 centaur skeletons
  3 jellies
  6 bullfrog skeletons
  16 orc priests
  4 hounds
  24 orc wizards
  4 iguanas
  An iron imp (D:15)
  Ijyb (D:5)
  9 worker ants
  A hound zombie (D:10)
  A worker ant zombie (D:9)
  11 gnolls
  18 adders
  A river rat (D:6)
  3 shadow imps
  2 white imps (D:15)
  2 ufetubi (D:15)
  16 oozes
  An adder skeleton (D:4)
  An adder zombie (D:7)
  3 worms (D:2)
  3 dart slugs
  22 leopard geckos
  98 orcs
  12 ball pythons
  7 bats
  13 giant cockroaches
  5 hobgoblins
  6 jackals
  4 quokkas
  6 frilled lizards
  13 goblins
  15 kobolds
  A quokka skeleton (D:7)
  7 rats
  2 plants
971 creatures vanquished.

Vanquished Creatures (collateral kills)
  A jumping spider (Spider:1)
1 creature vanquished.

Vanquished Creatures (others)
  A human (Spider:1)
  11 fungi
  37 plants (Lair:6)
49 creatures vanquished.

Grand Total: 1021 creatures vanquished

Notes
Turn   | Place    | Note
-------+----------+-------------------------------------------
     0 | D:1      | Tinos the Spriggan Enchanter began the quest for the Orb.
     0 | D:1      | Reached XP level 1. HP: 9/9 MP: 5/5
   243 | D:1      | Reached XP level 2. HP: 13/13 MP: 7/7
   247 | D:1      | Learned a level 2 spell: Ensorcelled Hibernation
  1379 | D:2      | Reached XP level 3. HP: 16/16 MP: 6/9
  1395 | D:2      | Learned a level 3 spell: Confuse
  1399 | D:2      | Learned a level 3 spell: Tukima's Dance
  1751 | D:2      | Found a glowing silver altar of Zin.
  1753 | D:2      | Found a shimmering altar of Xom.
  1753 | D:2      | Found a radiant altar of Vehumet.
  1755 | D:2      | Found a burning altar of Makhleb.
  1755 | D:2      | Found a blossoming altar of Fedhas.
  1755 | D:2      | Found a shimmering altar of Xom.
  2110 | D:2      | Reached skill level 5 in Hexes
  2110 | D:2      | Reached XP level 4. HP: 21/21 MP: 8/11
  3189 | D:2      | Reached XP level 5. HP: 24/24 MP: 9/12
  3321 | D:2      | Reached skill level 5 in Stealth
  3745 | D:3      | Reached skill level 6 in Stealth
  4643 | D:3      | Reached skill level 7 in Stealth
  4714 | D:3      | Reached XP level 6. HP: 28/28 MP: 8/13
  5156 | D:4      | Learned a level 3 spell: Dazzling Spray
  5654 | D:4      | Reached skill level 8 in Stealth
  5682 | D:4      | Reached skill level 9 in Stealth
  5704 | D:4      | Noticed xash's ghost (novice FoFi)
  5756 | D:4      | Reached skill level 10 in Stealth
  5756 | D:4      | Reached XP level 7. HP: 25/32 MP: 1/14
  6070 | D:4      | Killed xash's ghost
  6070 | D:4      | Reached skill level 11 in Stealth
  6163 | D:4      | Reached skill level 12 in Stealth
  6615 | D:5      | Entered Level 5 of the Dungeon
  6679 | D:5      | Reached XP level 8. HP: 37/37 MP: 16/16
  6703 | D:5      | Found a radiant altar of Vehumet.
  6891 | D:5      | Noticed Duvessa
  6893 | D:5      | Noticed Dowan
  6913 | D:5      | Killed Duvessa
  6913 | D:5      | Reached skill level 1 in Fighting
  7068 | D:5      | Noticed Edmund
  7075 | D:5      | Killed Edmund
  7075 | D:5      | Reached skill level 5 in Spellcasting
  7255 | D:5      | Killed Dowan
  7803 | D:5      | Identified a scroll of acquirement
  8015 | D:5      | Noticed Ijyb
  8030 | D:5      | Killed Ijyb
  8211 | D:6      | Reached skill level 5 in Dodging
  8283 | D:6      | Found a glowing drain.
  8287 | Sewer    | Entered a sewer
  9050 | Sewer    | Reached XP level 9. HP: 42/42 MP: 9/19
  9627 | D:6      | Reached skill level 13 in Stealth
 10348 | D:7      | Noticed Menkaure
 10355 | D:7      | Killed Menkaure
 10656 | D:7      | Found a staircase to the Ecumenical Temple.
 10667 | Temple   | Entered the Ecumenical Temple
 10795 | Temple   | Became a worshipper of Dithmenos the Shadowed
 11002 | D:7      | Noticed a two-headed ogre
 11005 | D:7      | Killed a two-headed ogre
 11477 | D:8      | Reached XP level 10. HP: 34/47 MP: 17/22
 11480 | D:8      | Reached skill level 5 in Short Blades
 11498 | D:8      | Reached * piety under Dithmenos
 11999 | D:8      | Noticed a two-headed ogre
 12025 | D:8      | Killed a two-headed ogre
 12025 | D:8      | Reached skill level 14 in Stealth
 12396 | D:8      | Noticed casual's ghost (novice DsTm)
 12425 | D:8      | Killed casual's ghost
 12757 | D:8      | Noticed Maurice
 12770 | D:8      | Killed Maurice
 12947 | D:9      | Noticed a two-headed ogre
 12952 | D:9      | Reached ** piety under Dithmenos
 12957 | D:9      | Killed a two-headed ogre
 13442 | D:9      | Gained mutation: You are resistant to hostile enchantments. (MR+) [potion of mutation]
 13442 | D:9      | Gained mutation: You occasionally shout uncontrollably at your foes. [potion of mutation]
 13442 | D:9      | Gained mutation: You tend to lose your temper in combat. [potion of mutation]
 13442 | D:9      | Gained mutation: You have a pair of small horns on your head. [potion of mutation]
 13443 | D:9      | Lost mutation: You tend to lose your temper in combat. [potion of mutation]
 13443 | D:9      | Lost mutation: You are resistant to hostile enchantments. (MR+) [potion of mutation]
 13443 | D:9      | Gained mutation: Your system is resistant to poisons. (rPois) [potion of mutation]
 13443 | D:9      | Gained mutation: You have a pair of horns on your head. [potion of mutation]
 13457 | D:9      | Noticed a cyclops
 13470 | D:9      | Reached XP level 11. HP: 32/52 MP: 19/24
 13858 | D:9      | Found a shimmering altar of Xom.
 13886 | D:9      | Reached skill level 5 in Fighting
 14372 | D:9      | Reached *** piety under Dithmenos
 14900 | D:10     | Entered Level 10 of the Dungeon
 14901 | D:10     | Found Texy's Weapon Emporium.
 15053 | D:10     | Noticed an unseen horror
 15062 | D:10     | Killed an unseen horror
 15166 | D:10     | Found a staircase to the Lair.
 15229 | D:10     | Reached **** piety under Dithmenos
 15325 | D:10     | Found a staircase to the Orcish Mines.
 15428 | D:11     | Noticed a two-headed ogre
 15452 | D:11     | Killed a two-headed ogre
 15452 | D:11     | Reached skill level 15 in Stealth
 15739 | D:11     | Reached skill level 10 in Hexes
 15887 | D:11     | Noticed Fannar
 15892 | D:11     | Killed Fannar
 16013 | D:11     | Reached skill level 10 in Dodging
 16489 | D:12     | Noticed an unseen horror
 16535 | D:12     | Killed an unseen horror
 16555 | D:12     | Reached XP level 12. HP: 54/59 MP: 26/26
 16693 | D:12     | Reached skill level 10 in Spellcasting
 17173 | D:12     | Noticed a five-headed hydra
 17182 | D:12     | Killed a five-headed hydra
 17465 | D:12     | Reached ***** piety under Dithmenos
 17575 | Lair:1   | Entered Level 1 of the Lair of Beasts
 17737 | Lair:1   | Reached skill level 16 in Stealth
 17923 | Lair:1   | Noticed a five-headed hydra
 17935 | Lair:1   | Killed a five-headed hydra
 18146 | Lair:1   | You fall through a shaft!
 19473 | Lair:2   | Found a staircase to the Shoals.
 19959 | Lair:3   | Noticed Snorg
 19964 | Lair:3   | Killed Snorg
 20361 | Lair:3   | Found a hole to the Spider Nest.
 20377 | Lair:3   | Noticed a four-headed hydra
 20399 | Lair:3   | Reached XP level 13. HP: 31/65 MP: 11/29
 22144 | Lair:4   | Reached skill level 17 in Stealth
 23119 | Lair:5   | Found a viscous altar of Jiyva.
 23119 | Lair:5   | Found a staircase to the Slime Pits.
 23215 | Lair:5   | Found a dark tunnel.
 23509 | Lair:6   | Entered Level 6 of the Lair of Beasts
 24295 | Lair:6   | Reached ****** piety under Dithmenos
 24369 | Lair:5   | Reached XP level 14. HP: 72/72 MP: 14/31
 24730 | Lair:6   | Reached skill level 18 in Stealth
 25711 | Lair:6   | Identified the Tome of the Mosquito
 26138 | Lair:6   | Got a shimmering graven amulet
 26139 | Lair:6   | Identified the amulet of Maf Jui {Inacc MR+ Str+4 Int-4} (You found it on level 6 of the Lair of Beasts)
 26476 | D:13     | Noticed Josephine
 26489 | D:13     | Killed Josephine
 26960 | D:13     | Learned a level 5 spell: Silence
 27082 | D:13     | Noticed casual's ghost (journeyman DsMo)
 27200 | D:13     | Killed casual's ghost
 27314 | D:13     | Found a gate to the Vaults.
 28015 | D:14     | Reached skill level 19 in Stealth
 28270 | D:14     | Reached XP level 15. HP: 79/79 MP: 33/33
 29162 | D:14     | Reached skill level 15 in Dodging
 30041 | Orc:1    | Entered Level 1 of the Orcish Mines
 30354 | Orc:1    | Found a roughly hewn altar of Beogh.
 30462 | Orc:2    | Entered Level 2 of the Orcish Mines
 30498 | Orc:2    | Found a roughly hewn altar of Beogh.
 30774 | Orc:2    | Noticed Erolcha
 30776 | Orc:2    | Killed Erolcha
 30785 | Orc:2    | Noticed an orc warlord
 30785 | Orc:2    | Noticed Blork the orc
 30785 | Orc:2    | Noticed Urug
 30785 | Orc:2    | Noticed Nergalle
 30785 | Orc:2    | Found a roughly hewn altar of Beogh.
 30787 | Orc:2    | Found Vupateck's Antique Armour Emporium.
 31155 | Orc:2    | Killed Blork the orc
 31224 | Orc:2    | Killed Urug
 31313 | Orc:2    | Killed Nergalle
 31477 | Orc:2    | Killed an orc warlord
 31496 | Orc:2    | Found Ubbir's Antique Weapon Emporium.
 31506 | Orc:2    | Found Gerublack's Book Emporium.
 31562 | Orc:2    | Found a staircase to the Elven Halls.
 31716 | Orc:2    | Found Hobluitt's General Store.
 32081 | Elf:1    | Entered Level 1 of the Elven Halls
 32104 | Elf:1    | Reached skill level 10 in Fighting
 33014 | D:15     | Entered Level 15 of the Dungeon
 33157 | D:15     | Noticed Nessos
 33159 | D:15     | Killed Nessos
 33197 | D:15     | Found a staircase to the Depths.
 33450 | D:15     | Noticed Sonja
 33464 | D:15     | Killed Sonja
 33464 | D:15     | Reached skill level 20 in Stealth
 33543 | D:15     | Reached skill level 15 in Hexes
 33543 | D:15     | Reached XP level 16. HP: 86/86 MP: 35/35
 33621 | D:15     | Found Zotwi's Assorted Antiques.
 33630 | D:15     | Bought a potion of mutation for 240 gold pieces
 33630 | D:15     | Bought a scroll of enchant weapon for 225 gold pieces
 33631 | D:15     | Lost mutation: You occasionally shout uncontrollably at your foes. [potion of mutation]
 33631 | D:15     | Lost mutation: Your system is resistant to poisons. (rPois) [potion of mutation]
 33631 | D:15     | Lost mutation: You have a pair of horns on your head. [potion of mutation]
 33631 | D:15     | Lost mutation: You have a pair of small horns on your head. [potion of mutation]
 33631 | D:15     | Gained mutation: Your mind is acute. (Int +2) [potion of mutation]
 33631 | D:15     | Gained mutation: You are partially covered in iridescent scales. (AC +2) [potion of mutation]
 33665 | D:15     | Found a shattered altar of Ashenzari.
 34111 | Depths:1 | Entered Level 1 of the Depths
 34291 | Depths:1 | Noticed Tinos's ghost (adept SpEn)
 34345 | Depths:1 | Found Erehekh's Weapon Emporium.
 34347 | Depths:1 | Found Ysuur's Weapon Shoppe.
 35054 | Spider:1 | Entered Level 1 of the Spider Nest
 35157 | Spider:1 | Reached skill level 15 in Spellcasting
 36103 | Spider:1 | Noticed Kirke
 36120 | Spider:1 | Killed Kirke
 36780 | Spider:2 | Found a frozen archway.
 36802 | Spider:2 | HP: 2/102 [wolf spider (18)]
 36802 | Spider:2 | Slain by a wolf spider

Vault maps used:
D:1:      lemuel_arrival_muddy
D:2:      cheibrodos_pilgrimage, minivault_11, kennysheep_nub,
          doesnt_xom_only_xom
D:4:      first_bread
D:5:      vehumet_statue, uniq_ijyb, uniq_duvessa, uniq_edmund
D:6:      gup_sewer_entry_bowl
D:7:      minmay_temple_entry_trees, grunt_ministairs_2, uniq_menkaure
D:8:      uniq_maurice
D:9:      kennysheep_big_flooded_room, basic_altar
D:10:     grunt_lair_entry_orc_guard_hut, orc_0_dummy, special_room,
          serial_shops, nicolae_shop_crystal, blue_anna_alchemist
D:11:     minivault_7, uniq_fannar
D:12:     kennysheep_minor_cross
D:13:     grunt_vaults_entry_tiered, uniq_josephine
D:14:     minmay_crescents, nrook_mini_vaults
D:15:     grunt_enter_depths_magical_seal, evilmike_ruin_ashenzari,
          serial_shops, nicolae_shop_temple_entry_statues_fountains,
          st_stairs_6, hangedman_devilish_allure, uniq_sonja, uniq_nessos
Temple:   minmay_crystal_snake_temple
Lair:2:   minmay_shoals_entry_hut
Lair:3:   spider_nest_entry_web_field, st_stairs_10, uniq_snorg
Lair:4:   grunt_megastairs_2
Lair:5:   dpeg_slime_entry_enclosed_altar, nicolae_volcano_entry_batcave,
          kennysheep_basilisk_garden
Lair:6:   minmay_lair_end_frog_pond, st_stairs_11
Spider:1: uniq_kirke
Spider:2: portal_ice_cave_entry_ice_statue_one, spider_trap, uniq_arachne
Orc:1:    lemuel_statue_altar
Orc:2:    grunt_orc_cross, basic_altar, uniq_erolcha
Elf:1:    hangedman_elf_represent, uniq_roxanne, uniq_frances
Depths:1: hell_entry, grunt_decor_one_mirror, dk_noncrumbling_3,
          minmay_hollow_rounded_squares, grunt_megastairs_1,
          serial_bayou_shore_b, minmay_shoptagon
Sewer:    sewer_frog_island_02

Skill      XL: |  1  2  3  4  5  6  7  8  9 10 11 12 13 14 15 16 |
---------------+-------------------------------------------------+-----
Spellcasting   | 3 4 6 7 8 9 11 12 13 14 15 | 15.3
Hexes          | 4 5 6 7 9 10 11 12 13 15 | 15.7
Stealth        | 7 10 12 13 14 15 16 17 19 20 | 20.9
Fighting       | 2 3 4 6 7 8 9 10 11 | 11.0
Short Blades   | 3 4 6 8 9 |  9.0
Dodging        | 5 6 8 10 11 13 14 16 17 | 17.1

Action                   |  1- 3 |  4- 6 |  7- 9 | 10-12 | 13-15 | 16-18 || total
-------------------------+-------+-------+-------+-------+-------+-------++-------
Melee: Dagger            |   114 |   148 |   351 |   725 |  1239 |   332 ||  2909
       Headbutt          |       |       |       |    94 |   232 |     9 ||   335
 Cast: Ensorcelled Hiber |    19 |    25 |    30 |    74 |   137 |    23 ||   308
       Corona            |     1 |       |       |       |       |       ||     1
       Tukima's Dance    |     1 |       |       |     6 |       |       ||     7
       Confuse           |       |     4 |    10 |    39 |    79 |    20 ||   152
       Dazzling Spray    |       |       |     2 |     9 |    26 |    10 ||    47
Invok: Shadow Step       |       |       |       |     2 |     4 |       ||     6
Evoke: Wand              |       |       |       |       |     7 |     1 ||     8
  Use: Scroll            |     1 |     6 |    13 |    10 |    24 |     4 ||    58
       Potion            |       |     2 |     1 |     4 |     7 |     4 ||    18
 Stab: Sleeping          |    21 |    26 |    36 |    71 |   148 |    47 ||   349
       Distracted        |     1 |       |       |     6 |    16 |     5 ||    28
       Confused          |       |       |     5 |    17 |    33 |     8 ||    63
       Invisible         |       |       |     2 |     4 |    17 |     9 ||    32
       Held in net/web   |       |       |       |     1 |       |       ||     1
  Eat: Fruit             |       |     3 |     3 |       |       |       ||     6
       Royal jelly       |       |     1 |       |     5 |     8 |       ||    14
       Bread ration      |       |       |     1 |       |       |       ||     1
Armor: Robe              |     6 |    12 |    22 |    13 |    50 |    15 ||   118
       Skin              |       |     1 |       |       |       |       ||     1
Dodge: Dodged            |    96 |   100 |   313 |   504 |  1142 |   413 ||  2568
Block: Other             |       |       |    60 |    70 |    16 |       ||   146
       Reflection        |       |       |       |     3 |       |       ||     3
